 Dungeon Crawl Stone Soup version 0.29.1-12-g30fa7ad0bf (webtiles) character file.

Game seed: 6382760648335114272

81 retardedninja the Chopper (level 4, -3/40 HPs)
             Began as a Hill Orc Fighter on Dec 12, 2022.
             Slain by a goblin
             ... wielding a +2 dagger of speed
             ... led by Robin
              (5 damage)
             ... on level 3 of the Dungeon.
             The game lasted 00:01:47 (2248 turns).

retardedninja the Chopper (Hill Orc Fighter)        Turns: 2248, Time: 00:01:48

Health: -3/40      AC:  7    Str: 20    XL:     4   Next: 40%
Magic:  4/4        EV:  9    Int:  8    God:
Gold:   176        SH:  4    Dex: 10    Spells: 3/3 levels left

rFire   . . .      SeeInvis .   a - +0 war axe
rCold   . . .      Faith    .   c - +0 buckler
rNeg    . . .      Spirit   .   b - +0 scale mail
rPois   .          Reflect  .   (no helmet)
rElec   .          Harm     .   (no cloak)
rCorr   .          Rampage  .   (no gloves)
Will    .....                   (no boots)
Stlth   ..........              (no amulet)
HPRegen 0.13/turn               (no ring)
MPRegen 0.09/turn               (no ring)

@: mighty
A: no striking features
a: no special abilities


You were on level 3 of the Dungeon.
You visited 1 branch of the dungeon, and saw 3 of its levels.

You collected 176 gold pieces.

Inventory:

Hand Weapons
 a - a +0 war axe (weapon)
Armour
 b - a +0 scale mail (worn)
 c - a +0 buckler (worn)
Scrolls
 e - a scroll of fear {unknown}
 f - 4 scrolls of identify {unknown}
 g - a scroll of teleportation {unknown}
 j - a scroll of blinking {unknown}
Potions
 h - a potion of ambrosia {unknown}
 i - a potion of lignification {unknown}
 k - a potion of resistance {unknown}


   Skills:
 + Level 4.2 Fighting
 + Level 4.3 Axes
 + Level 3.9 Armour
 + Level 3.7 Shields


You had 3 spell levels left.
You didn't know any spells.
Your spell library contained the following spells:

 Spells                   Type           Power      Damage    Failure   Level
 Summon Small Mammal      Summ           0%         N/A       85%         1
 Call Canine Familiar     Summ           0%         N/A       99%         3
 Summon Guardian Golem    Hex/Summ       0%         N/A       99%         3


Dungeon Overview and Level Annotations

Branches:
Dungeon (3/15)

Altars:

Annotations:
D:3 Robin


Message History

A goblin comes into view. It is wielding a +0 club.
The goblin hits you with a +0 dagger.
The hobgoblin hits you but does no damage.
You closely miss the hobgoblin. You barely miss the goblin.
The goblin shouts!
You hear a shout!
The goblin closely misses you.
The hobgoblin hits you but does no damage.
A goblin comes into view. It is wielding a +0 dagger.
The hobgoblin hits you.
The goblin hits you with a +2 dagger of speed.
You feel very mighty all of a sudden.
The goblin hits you with a +2 dagger of speed.
The goblin closely misses you. The orc hits you with a +0 war axe.
The goblin barely misses you. The hobgoblin closely misses you.
Robin hits you from afar with a +3 trident of freezing.
Robin freezes you. The goblin hits you but does no damage.
You barely miss the goblin. You slash the goblin!
You kill the goblin!
You slash the hobgoblin!
You kill the hobgoblin!
You hit the goblin. You completely miss the orc. The orc barely misses you.
The goblin hits you but does no damage.
Robin hits you from afar with a +3 trident of freezing!
* * * LOW HITPOINT WARNING * * *
Robin freezes you.
* * * LOW HITPOINT WARNING * * *
The goblin hits you but does no damage.
You barely miss the goblin. x2; You closely miss the goblin.
You hit the orc. You slash the goblin!
You kill the goblin!
You closely miss the giant cockroach. You block the giant cockroach's attack.
Robin roars a battlecry!
The goblins go into a battle-frenzy!
The orc barely misses you. The goblin hits you with a +0 dagger.
* * * LOW HITPOINT WARNING * * *
The goblin hits you with a +2 dagger of speed.
* * * LOW HITPOINT WARNING * * *
The giant cockroach barely misses you.
The goblin hits you with a +2 dagger of speed.
You die...

....##.....#
.........#.#
.........#.###
.............#
.....l......^##
.......g......#
......goB..$#.##
...gggg@....#..### #####
.....ggg....##...###....
.....g..................
............####...#....
.........?..# ###......
############# #..####
#..#### ######....#
#......†#.#


You could see Robin, an orc, a giant cockroach, 2 hobgoblins, 7 goblins and a
frilled lizard.

Vanquished Creatures
  2 adders (D:2)
  A gnoll (D:1)
  A worm (D:2)
  A bat (D:2)
  4 endoplasms
  5 giant cockroaches
  7 goblins
  10 hobgoblins
  2 jackals (D:1)
  2 kobolds
  A quokka (D:1)
  3 ball pythons (D:1)
  2 frilled lizards
  4 rats
45 creatures vanquished.

Vanquished Creatures (others)
  6 fungi (D:2)
  A plant (D:1)
  4 toadstools (D:2)
11 creatures vanquished.

Grand Total: 56 creatures vanquished

Notes
Turn   | Place    | Note
-------+----------+-------------------------------------------
     0 | D:1      | retardedninja the Hill Orc Fighter began the quest for the
                  | Orb.
     0 | D:1      | Reached XP level 1. HP: 19/19 MP: 1/1
    67 | D:1      | Found a faded altar of an unknown god.
    71 | D:1      | Reached XP level 2. HP: 23/27 MP: 2/2
   499 | D:1      | Reached XP level 3. HP: 33/33 MP: 3/3
  1616 | D:2      | Reached XP level 4. HP: 37/40 MP: 4/4
  2242 | D:3      | Noticed Robin
  2248 | D:3      | HP: 2/40 [goblin/+2 dagger of speed[Robin] (3)]
  2248 | D:3      | Slain by a goblin

Illustrated notes

Levels and vault maps discovered:
D:1:      minmay_arrival_plants_in_alcoves, layout_loops_cross,
          hellmonk_ecumenical_altar_dog_temple
D:2:      layout_loops_ring, minmay_gold_behind_fungi
D:3:      layout_basic, uniq_robin

Skill      XL: |  1  2  3  4 |
---------------+-------------+-----
Fighting       | 4 |  4.2
Axes           | 3 4 |  4.3
Armour         | |  3.9
Shields        | |  3.7

Action                   |  1- 3 |  4- 6 || total
-------------------------+-------+-------++-------
Melee: War axe           |    99 |    33 ||   132
  Use: Potion            |       |     1 ||     1
Armor: Scale mail        |    29 |    19 ||    48
Dodge: Dodged            |    33 |    22 ||    55
Block: Buckler           |    24 |     3 ||    27
